 Dungeon Crawl Stone Soup version 0.30-a0-782-ge64f9170bb (webtiles) character file.

Game seed: 10864042296130049233

291 IndexError the Shooter (level 6, -6/34 HPs)
             Began as a Gargoyle Hexslinger on Feb 22, 2023.
             Was a Follower of Uskayaw.
             Mangled by an iguana (12 damage)
             ... on level 3 of the Dungeon.
             The game lasted 00:06:54 (3217 turns).

IndexError the Shooter (Gargoyle Hexslinger)        Turns: 3217, Time: 00:06:55

Health: -6/34      AC:  6    Str: 14    XL:     6   Next: 32%
Magic:  6/7        EV: 12    Int: 19    God:    Uskayaw [*.....]
Gold:   198        SH:  0    Dex: 12    Spells: 6/7 levels left

rFire   . . .      SeeInvis .    a - +1 sling
rCold   . . .      Faith    .    (no shield)
rNeg    + . .      Spirit   .    c - +0 robe
rPois   ∞          Reflect  .    (no helmet)
rElec   +          Harm     .    (no cloak)
rCorr   .          Rampage  .    (no gloves)
Will    .....                    (no boots)
Stlth   +                        (no amulet)
HPRegen 0.25/turn                h - +6 ring of intelligence
MPRegen 0.10/turn                (no ring)

@: no status effects
A: sickness immunity, AC +4, negative energy resistance 1, electricity
resistance, torment resistance 1, petrification resistance
a: Renounce Religion, Stomp


You were on level 3 of the Dungeon.
You worshipped Uskayaw.
Uskayaw was noncommittal.
You visited 1 branch of the dungeon, and saw 4 of its levels.

You collected 198 gold pieces.

Inventory:

Hand Weapons
 a - a +1 sling (weapon)
Armour
 c - a +0 robe (worn)
 f - a +0 scale mail
   (You found it on level 1 of the Dungeon)
 k - a +0 leather armour
   (You found it on level 1 of the Dungeon)
 s - a +0 ring mail
   (You found it on level 3 of the Dungeon)
 u - a +0 ring mail
   (You took it off a hobgoblin on level 3 of the Dungeon)
 v - a +0 ring mail
   (You found it on level 3 of the Dungeon)
 w - a +0 robe
   (You took it off a gnoll on level 3 of the Dungeon)
 y - a +0 ring mail
   (You took it off an orc on level 3 of the Dungeon)
 A - a +0 leather armour
   (You took it off an orc on level 3 of the Dungeon)
Jewellery
 h - a +6 ring of intelligence (left hand)
   (You found it on level 1 of the Dungeon)
Scrolls
 b - a scroll of poison
 d - 6 scrolls of identify {unknown}
 e - a scroll of torment {unknown}
 j - a scroll of enchant armour {unknown}
 m - a scroll of teleportation {unknown}
 p - 2 scrolls of enchant weapon {unknown}
 q - a scroll of fog {unknown}
 r - a scroll of fear {unknown}
 t - a scroll of blinking {unknown}
 x - a scroll of vulnerability {unknown}
Potions
 g - 4 potions of mutation {unknown}
 i - a potion of invisibility {unknown}
 l - 3 potions of haste {unknown}
 n - a potion of resistance {unknown}
 o - a potion of might {unknown}
 z - a potion of lignification {unknown}


   Skills:
 - Level 1.1 Fighting
 * Level 5.3 Ranged Weapons
 - Level 1.5 Dodging
 - Level 1.0 Spellcasting
 - Level 4.0 Hexes
 + Level 1.5 Invocations


You had 6 spell levels left.
You knew the following spells:

 Your Spells              Type           Power      Damage    Failure   Level
s - Slow                  Hex            64%        N/A       3%          1

Your spell library contained the following spells:

 Spells                   Type           Power      Damage    Failure   Level
 Inner Flame              Hex/Fire       8%         N/A       24%         3
 Portal Projectile        Hex/Tloc       16%        N/A       24%         3
 Poisonous Vapours        Pois/Air       0%         N/A       28%         2
 Cause Fear               Hex            8%         N/A       34%         4
 Mephitic Cloud           Conj/Pois/Air  0%         N/A       50%         3
 Cigotuvi's Dreadful Rot  Necr/Pois/Air  Unusable   N/A       N/A         2

Dungeon Overview and Level Annotations

Branches:
Dungeon (4/15)
 Temple: D:4-7

Altars:
Uskayaw

Shops:
D:3 (

Annotations:
D:3 Terence
D:4 1 transporter


Innate Abilities, Weirdness & Mutations

You are immune to sickness and miasma.
Your stone body is resilient. (AC +4)
You are immune to poison.
You resist negative energy. (rN+)
You are resistant to electric shocks. (rElec)
You are resistant to unholy torment.
You are immune to petrification.


Message History

Health restored: 34 You climb downwards.
Level annotation: 1 transporter
There is a stone staircase leading up here.
Things that are here:
a +0 giant club; an ogre corpse
Found a stone staircase leading down.
An iguana comes into view.
A kobold comes into view. It is wielding a +0 club.
You shoot a sling bullet. The sling bullet misses the kobold.
The iguana hisses angrily.
The kobold shouts!
You shoot a sling bullet. The sling bullet hits the kobold.
You shoot a sling bullet.
The sling bullet hits the kobold but does no damage.
The kobold closely misses you. The kobold completely misses you.
You shoot a sling bullet. The sling bullet misses the kobold.
The kobold hits you but does no damage.
You shoot a sling bullet. The sling bullet hits the kobold.
A ball python comes into view.
You shoot a sling bullet. The sling bullet hits the iguana.
The ball python bites you. The ball python closely misses you.
The iguana closely misses you.
You shoot a sling bullet. The sling bullet hits the iguana.
The ball python bites you but does no damage.
The ball python grabs you. The ball python constricts you.
The iguana bites you!
You can now pass through a line of other dancers.
You shoot a sling bullet. The sling bullet hits the ball python.
The ball python bites you but does no damage.
The ball python constricts you. The iguana closely misses you.
The ball python bites you. The ball python constricts you.
You take 14 damage, and have 20/34 hp.
MASSIVE DAMAGE!!
You escape the ball python's grasp.
The iguana barely misses you.
The ball python attacks as you move away!
The ball python barely misses you.
Things that are here:
a +0 giant club; an ogre corpse The ball python attacks as you move away!
The ball python bites you but does no damage.
The ball python barely misses you.
There is a stone staircase leading up here.
The ball python closely misses you. The ball python barely misses you.
The iguana bites you!
You can no longer pass through a line of other dancers.
You climb upwards.
Level annotation: Terence
There is a stone staircase leading down here.
You take 7 damage, and have 14/34 hp.
MASSIVE DAMAGE!!
The ball python closely misses you. The ball python grabs you.
The ball python constricts you.
You escape the ball python's grasp.
The ball python attacks as you move away!
The ball python bites you but does no damage.
There is an open door here.
The ball python barely misses you. The ball python grabs you.
The ball python constricts you.
There is an open door here.
Casting: Slow (safe; 3% risk of failure)
Confirm with . or Enter, or press ? or * to list all spells.
Aiming: Slow (safe; 3% risk of failure)
Press: ? - help, Shift-Dir - straight line, f - iguana
Aim: an iguana (moderately wounded, chance to affect: 58%)
The ball python seems to slow down.
You now have 6/7 mp.
You are too injured to fight recklessly!
Fire: a) +1 sling
Press: ? - help, Q - select action Shift-Dir - straight line, f/p - iguana
Aim: an iguana (moderately wounded, 61% to hit)
You shoot a sling bullet. The sling bullet hits the ball python.
The ball python bites you but does no damage.
The ball python constricts you.
Fire: a) +1 sling
Press: ? - help, Q - select action Shift-Dir - straight line, f/p - iguana
Aim: an iguana (moderately wounded, 61% to hit)
You shoot a sling bullet.
The sling bullet barely misses the ball python.
The sling bullet hits the iguana.
The ball python bites you but does no damage.
The ball python constricts you.
Fire: a) +1 sling
Press: ? - help, Q - select action Shift-Dir - straight line, f/p - iguana
Aim: an iguana (heavily wounded, 61% to hit)
You shoot a sling bullet.
The sling bullet barely misses the ball python.
The sling bullet hits the iguana but does no damage.
The ball python barely misses you. The ball python constricts you.
Fire: a) +1 sling
Press: ? - help, Q - select action Shift-Dir - straight line, f/p - iguana
Aim: an iguana (heavily wounded, 61% to hit)
You shoot a sling bullet. The sling bullet hits the ball python!
The iguana bites you!
* * * LOW HITPOINT WARNING * * *
You take 10 damage, and have 5/34 hp.
MASSIVE DAMAGE!!
Fire: a) +1 sling
Press: ? - help, Q - select action Shift-Dir - straight line, f/p - iguana
Aim: an iguana (heavily wounded, 61% to hit)
You shoot a sling bullet.
The sling bullet barely misses the iguana.
The iguana bites you!
You die...

#######'####........
#....#....######....
#...................
#..........###......
#..........###...#..
#................#..
#..........###...#..
#..........#.#...#..
###@#........#)..###
#l#.######.#...###
##'#)..............
#...>.#####.###.###
#....)+......)....#
#.....#####.###....
#.....# #.#######
###########.##.....
#.....#.####


You could see an iguana.

Vanquished Creatures
  An ogre (D:4)
  An orc priest (D:4)
  5 gnolls (D:3)
  5 adders
  2 worms (D:3)
  A dart slug (D:3)
  2 orcs (D:3)
  6 endoplasms
  5 giant cockroaches
  7 goblins
  6 hobgoblins
  5 quokkas
  4 ball pythons
  8 bats
  3 frilled lizards
  5 kobolds
  6 rats
72 creatures vanquished.

Notes
Turn   | Place    | Note
-------+----------+-------------------------------------------
     0 | D:1      | IndexError the Gargoyle Hexslinger began the quest for the
                  | Orb.
     0 | D:1      | Reached XP level 1. HP: 12/12 MP: 2/2
    69 | D:1      | Reached XP level 2. HP: 7/16 MP: 3/3
   244 | D:1      | Reached skill level 3 in Hexes
   341 | D:1      | Reached skill level 3 in Ranged Weapons
   367 | D:1      | Reached XP level 3. HP: 20/20 MP: 4/4
  1009 | D:2      | Reached XP level 4. HP: 25/25 MP: 5/5
  1644 | D:3      | Reached skill level 4 in Ranged Weapons
  1908 | D:3      | Found Leamm's Weapon Shop.
  2137 | D:3      | Found a hide-covered altar of Uskayaw.
  2196 | D:3      | Reached XP level 5. HP: 29/29 MP: 3/6
  2357 | D:3      | Noticed Terence
  2614 | D:3      | Became a worshipper of Uskayaw the Reveller
  2852 | D:4      | Found a transporter.
  2876 | D:3      | Reached * piety under Uskayaw
  3043 | D:4      | Reached ** piety under Uskayaw
  3066 | D:4      | Noticed an ogre
  3074 | D:4      | HP: 4/29 [ogre/+0 giant club (23)]
  3074 | D:4      | Reached *** piety under Uskayaw
  3078 | D:4      | Killed an ogre
  3079 | D:4      | Reached skill level 5 in Ranged Weapons
  3079 | D:4      | Reached skill level 4 in Hexes
  3079 | D:4      | Reached skill level 1 in Invocations
  3079 | D:4      | Reached XP level 6. HP: 6/34 MP: 7/7
  3216 | D:3      | HP: 5/34 [iguana (10)]
  3217 | D:3      | Mangled by an iguana

Illustrated notes

Levels and vault maps discovered:
D:1:      wander_arrival_chamber, layout_rooms
D:2:      layout_loops_ring, minmay_misc_feat_square
D:3:      layout_basic, lemuel_crystal_altar, serial_shops, shop,
          corexii_leaking_fountain, grunt_decor_mini_mirrors, uniq_terence
D:4:      gammafunk_steamed_eel, layout_rooms, mainiacjoe_overflow_swirl,
          minmay_temple_entry_enclosed_plants

Skill      XL: |  1  2  3  4  5 |
---------------+----------------+-----
Hexes          | 3 4 |  4.0
Ranged Weapons | 3 4 5 |  5.3
Invocations    | 1 |  1.5
Fighting       | |  1.1
Dodging        | |  1.5
Spellcasting   | |  1.0

Action                     |  1- 3 |  4- 6 || total
---------------------------+-------+-------++-------
   Fire: Sling             |   129 |   232 ||   361
   Cast: Slow              |     6 |    21 ||    27
 Armour: Robe              |    26 |    34 ||    60
  Dodge: Dodged            |    53 |    73 ||   126

Table legend: (Time is in decaauts)
 A = Elapsed time spent in this place.
 B = Non-inter-level travel time spent in this place.
 C = Inter-level travel time spent in this place.
 D = Time resting spent in this place.
 E = Time spent auto-exploring this place.
 F = Levels seen in this place.
 G = Mean time per level.
                   A        B        C        D        E       F      G
               +--------+--------+--------+--------+--------+-----+--------+
         Total |   3302 |   2935 |    367 |      0 |   2147 |   4 |  825.5 |
       Dungeon |   3302 |   2935 |    367 |      0 |   2147 |   4 |  825.5 |
               +--------+--------+--------+--------+--------+-----+--------+

Top non-repeatable levels by time:
     D:3: 1668 daAuts
     D:2: 900 daAuts
     D:1: 649 daAuts
     D:4: 84 daAuts

Table legend:
 A = Kills in this place as a percentage of kills in entire the game.
 B = Kills by you in this place as a percentage of kills by you in the entire game.
 C = Kills by friends in this place as a percentage of kills by friends in the entire game.
 D = Other kills in this place as a percentage of other kills in the entire game.
 E = Experience gained in this place as a percentage of experience gained in the entire game.
 F = Experience gained in this place divided by the number of levels of this place that you have seen.
                   A       B       C       D       E      F
               +-------+-------+-------+-------+-------+----------------------
         Total | 100.0 | 100.0 |   N/A |   N/A | 100.0 | 104.2
       Dungeon | 100.0 | 100.0 |   N/A |   N/A | 100.0 | 104.2
               +-------+-------+-------+-------+-------+----------------------
